 Dungeon Crawl Stone Soup version 0.23-a0-321-g6bcb69f (webtiles) character file.

2153 epen the Ducker (level 9, -4/103 HPs)
             Began as a Gnoll Gladiator on Oct 15, 2018.
             Was an Initiate of Okawaru.
             Slain by an unseen horror (8 damage)
             ... on level 7 of the Dungeon.
             The game lasted 00:08:40 (5542 turns).

epen the Ducker (Gnoll Gladiator)                   Turns: 5542, Time: 00:08:41

Health: -4/103     AC:  8    Str: 24    XL:     9   Next: 31%
Magic:  15/15      EV: 18    Int: 10    God:    Okawaru [......]
Gold:   234        SH:  0    Dex: 18    Spells: 16/16 levels left

rFire    . . .     SeeInvis .   e - +2 short sword (elec)
rCold    . . .     Gourm    .   (no shield)
rNeg     . . .     Faith    .   A - +0 troll leather armour
rPois    .         Spirit   .   c - +1 helmet
rElec    .         Reflect  .   z - +0 cloak
rCorr    .         Harm     .   (no gloves)
MR       .....                  (no boots)
Stlth    ..........             H - amulet of regeneration
HPRegen  1.07/turn              n - ring of stealth
MPRegen  0.14/turn              (no ring)

@: berserking (expiring), very quick
A: distributed training, fangs 1, strong nose
a: Renounce Religion


You were on level 7 of the Dungeon.
You worshipped Okawaru.
Okawaru was noncommittal.
You were not hungry.

You visited 2 branches of the dungeon, and saw 8 of its levels.

You collected 474 gold pieces.
You spent 240 gold pieces at shops.

Inventory:

Hand Weapons
 a - a +1 long sword
 e - a +2 short sword of electrocution (weapon)
 i - a +0 dagger of protection
Missiles
 d - 2 throwing nets (quivered)
Armour
 b - a +0 leather armour
 c - a +1 helmet (worn)
 m - a +0 ring mail
 z - a +0 cloak (worn)
 A - a +0 troll leather armour (worn)
Jewellery
 n - a ring of stealth (left hand)
 G - an uncursed ring of fire
 H - an amulet of regeneration (around neck)
Wands
 j - a wand of scattershot (7)
 s - a wand of acid (2)
 B - a wand of random effects (20)
Scrolls
 g - a scroll of fog
 h - 4 scrolls of enchant armour
 o - a scroll of enchant weapon
 r - a scroll of blinking {unknown}
 v - 5 scrolls of identify
 y - 2 scrolls of fear
 C - a scroll of amnesia
 I - a scroll of remove curse
 J - 2 scrolls of teleportation {unknown}
Potions
 k - 2 potions of heal wounds
 l - a potion of berserk rage
 p - 3 potions of degeneration
 q - a potion of brilliance {unknown}
 t - a potion of haste
 u - 3 potions of curing
 w - 4 potions of agility
 x - a potion of ambrosia {unknown}
 D - a potion of flight
 E - a potion of cancellation {unknown}
 F - a potion of invisibility {unknown}
Comestibles
 f - 10 rations


   Skills:
 + Level 6.2 Fighting
 + Level 4.0 Short Blades
 + Level 7.8 Long Blades
 + Level 4.0 Axes
 + Level 4.0 Maces & Flails
 + Level 4.0 Polearms
 + Level 4.0 Staves
 + Level 4.0 Slings
 + Level 4.0 Bows
 + Level 4.0 Crossbows
 + Level 6.2 Throwing
 + Level 4.0 Armour
 + Level 7.8 Dodging
 + Level 4.0 Stealth
 + Level 4.0 Shields
 + Level 4.0 Unarmed Combat
 + Level 4.0 Spellcasting
 + Level 3.3 Conjurations
 + Level 3.3 Hexes
 + Level 3.3 Charms
 + Level 3.3 Summonings
 + Level 3.3 Necromancy
 + Level 3.3 Translocations
 + Level 3.3 Transmutations
 + Level 3.3 Fire Magic
 + Level 3.3 Ice Magic
 + Level 3.3 Air Magic
 + Level 3.3 Earth Magic
 + Level 3.3 Poison Magic
 + Level 4.4 Invocations
 + Level 4.0 Evocations


You had 16 spell levels left.
You didn't know any spells.
Your spell library contained the following spells:

 Spells                   Type           Power        Failure   Level  Hunger
 Animate Skeleton         Necr           N/A          7%          1    #......
 Apportation              Tloc           #.....       7%          1    #......
 Confusing Touch          Hex            #.....       7%          1    #......
 Summon Small Mammal      Summ           #...         7%          1    #......


Dungeon Overview and Level Annotations

Branches:
Dungeon (7/15)             Temple (1/1) D:7

Altars:
Ashenzari
Cheibriados
Dithmenos
Elyvilon
Fedhas
Gozag
Hepliaklqana
Kikubaaqudgha
Makhleb
Nemelex Xobeh
Okawaru
Qazlal
Ru
Sif Muna
Trog
Uskayaw
Vehumet
Wu Jian
Xom
Yredelemnul
Zin
The Shining One

Shops:
D:6 [![

Annotations:
D:7 2 transporters


Innate Abilities, Weirdness & Mutations

Your experience applies equally to all skills.
You have very sharp teeth.
Your uncanny sense of smell can sniff out nearby items.


Message History

Something hits you but does no damage. Something hits you.
* * * LOW HITPOINT WARNING * * *
You miss something. Something completely misses you. Something hits you.
* * * LOW HITPOINT WARNING * * *
A red film seems to cover your vision as you go berserk!
You feel yourself moving faster!
You feel mighty! Something hits you!
* * * LOW HITPOINT WARNING * * *
You are too berserk!
You feel a strong urge to attack something.
Something closely misses you. Something hits you.
* * * LOW HITPOINT WARNING * * *
You barely miss something. Something barely misses you.
You barely miss something. Something hits you.
* * * LOW HITPOINT WARNING * * *
You closely miss something. Something closely misses you.
Something hits you but does no damage.
You puncture something! Lightning courses through something!
You bite something. Something hits you!
You die...

#.#####...........#
#.##############.##
###..†........
..#..#
..............
#.#.##
.....#........
#.#.#
####.#.######.
#.#.# ........>...#
#.#.# ...#...####.#
#{#.# ...#...# #.#
#@#.# ...#...# #.#
#.#.# <#.#...# #.#
#.#.## ##.#...# #.#
#.#..#
...#...####.#
#.#.##
####........# #.#.#
......####### #.#.#
.####.# #.#.# .##
#.# #.#.#


There were no monsters in sight!

Vanquished Creatures
  A hornet (D:7)
  A spriggan (D:7)
  An ice beast (D:6)
  A sky beast (D:5)
  A phantom (D:6)
  A big kobold (D:6)
  5 bullfrogs
  A water moccasin skeleton (D:4)
  A scorpion (D:7)
  2 crimson imps
  A centaur zombie (D:6)
  A quasit (D:5)
  2 bullfrog skeletons
  A centaur skeleton (D:4)
  3 hounds
  2 orc priests (D:4)
  2 orc wizards (D:4)
  6 iguanas
  Terence (D:3)
  Natasha (thrice) (D:2)
  5 worker ants
  A hound skeleton (D:7)
  A worker ant zombie (D:7)
  Robin (D:2)
  A howler monkey skeleton (D:5)
  6 adders
  A gnoll (D:1)
  2 shadow imps
  2 oozes (D:2)
  A worm (D:2)
  A dart slug (D:1)
  3 leopard geckos
  20 orcs
  2 ball pythons
  6 giant cockroaches
  18 goblins
  8 hobgoblins
  8 jackals
  A quokka (D:2)
  A ball python skeleton (D:4)
  9 bats
  7 frilled lizards
  5 kobolds
  A leopard gecko skeleton (D:7)
  5 rats
153 creatures vanquished.

Notes
Turn   | Place    | Note
-------+----------+-------------------------------------------
     0 | D:1      | epen the Gnoll Gladiator began the quest for the Orb.
     0 | D:1      | Reached XP level 1. HP: 20/20 MP: 1/1
   245 | D:1      | Reached XP level 2. HP: 26/26 MP: 2/2
   321 | D:1      | Reached XP level 3. HP: 28/31 MP: 3/3
   696 | D:2      | Reached skill level 1 in Invocations
   790 | D:2      | Noticed Natasha
   797 | D:2      | Killed Natasha
   797 | D:2      | Reached skill level 1 in Short Blades
   797 | D:2      | Reached skill level 1 in Axes
   797 | D:2      | Reached skill level 1 in Maces & Flails
   797 | D:2      | Reached skill level 1 in Polearms
   797 | D:2      | Reached skill level 1 in Staves
   797 | D:2      | Reached skill level 1 in Slings
   797 | D:2      | Reached skill level 1 in Bows
   797 | D:2      | Reached skill level 1 in Crossbows
   797 | D:2      | Reached skill level 1 in Armour
   797 | D:2      | Reached skill level 1 in Stealth
   797 | D:2      | Reached skill level 1 in Shields
   797 | D:2      | Reached skill level 1 in Unarmed Combat
   797 | D:2      | Reached skill level 1 in Spellcasting
   797 | D:2      | Reached skill level 1 in Evocations
   797 | D:2      | Reached XP level 4. HP: 38/38 MP: 5/5
   850 | D:2      | Noticed Robin
   879 | D:2      | Killed Robin
   879 | D:2      | Reached skill level 1 in Conjurations
   879 | D:2      | Reached skill level 1 in Hexes
   879 | D:2      | Reached skill level 1 in Charms
   879 | D:2      | Reached skill level 1 in Summonings
   879 | D:2      | Reached skill level 1 in Necromancy
   879 | D:2      | Reached skill level 1 in Translocations
   879 | D:2      | Reached skill level 1 in Transmutations
   879 | D:2      | Reached skill level 1 in Fire Magic
   879 | D:2      | Reached skill level 1 in Ice Magic
   879 | D:2      | Reached skill level 1 in Air Magic
   879 | D:2      | Reached skill level 1 in Earth Magic
   879 | D:2      | Reached skill level 1 in Poison Magic
  1019 | D:2      | Reached XP level 5. HP: 43/43 MP: 6/6
  1049 | D:2      | Noticed Natasha
  1063 | D:2      | Killed Natasha
  1402 | D:2      | Noticed Natasha
  1412 | D:2      | Killed Natasha
  1765 | D:3      | Noticed Terence
  1773 | D:3      | Killed Terence
  1773 | D:3      | Reached XP level 6. HP: 45/50 MP: 8/8
  2383 | D:4      | Reached skill level 5 in Fighting
  2383 | D:4      | Reached skill level 5 in Throwing
  2534 | D:4      | Reached XP level 7. HP: 56/56 MP: 10/10
  2657 | D:4      | Found an ornate altar of the Wu Jian Council.
  2888 | D:5      | Entered Level 5 of the Dungeon
  3330 | D:5      | Reached XP level 8. HP: 55/63 MP: 12/12
  3621 | D:6      | Found a shattered altar of Ashenzari.
  4023 | D:6      | Found Seigrier's Distillery.
  4031 | D:6      | Bought a potion of haste for 100 gold pieces
  4031 | D:6      | Bought 2 potions of heal wounds for 100 gold pieces
  4031 | D:6      | Bought a potion of agility for 40 gold pieces
  4057 | D:6      | Found Saer's Antique Armour Shop.
  4371 | D:6      | Found Tyhyemp's Armour Shoppe.
  4480 | D:7      | Found a transporter.
  4499 | D:7      | Found a transporter.
  4563 | D:7      | Found a staircase to the Ecumenical Temple.
  4597 | D:7      | Noticed a spriggan baker
  4600 | D:7      | Killed a spriggan baker
  4600 | D:7      | Reached XP level 9. HP: 69/69 MP: 14/14
  4621 | Temple   | Entered the Ecumenical Temple
  4911 | Temple   | Became a worshipper of Warmaster Okawaru
  4974 | D:7      | namelastname112: !polytheist epen
  4980 | D:7      | Noticed a hornet
  4985 | D:7      | Paralysed by a hornet for 3 turns
  4989 | D:7      | beem: Unwon gods for epen: , Beogh, Elyvilon, Fedhas,
                  | Gozag, Hepliaklqana, Kikubaaqudgha, Nemelex Xobeh, Qazlal,
                  | Sif Muna, Uskayaw, Vehumet, Wu Jian, Xom, Yredelemnul, Zin
  4994 | D:7      | Paralysed by a hornet for 1 turns
  4999 | D:7      | Killed a hornet
  5540 | D:7      | HP: 3/103 [something (4)]
  5542 | D:7      | Slain by an unseen horror

Vault maps used:
D:1:      dpeg_arrival_erosion, kennysheep_another_room
D:2:      palyth_stone_intersect, minmay_tiny_reverse_x, uniq_natasha,
          uniq_robin
D:3:      uniq_terence
D:4:      nicolae_overflow_crystal_walls, first_ration
D:6:      serial_shops, kennysheep_little_box, shop, kennysheep_mini,
          evilmike_ruin_ashenzari
D:7:      gammafunk_steamed_eel, minmay_temple_entry_junction, the_bakery
Temple:   compressed_dpeg_triangle_lava_temple

Skill      XL: |  1  2  3  4  5  6  7  8  9 |
---------------+----------------------------+-----
Invocations    | 1 2 3 4 |  4.4
Short Blades   | 1 2 3 4 |  4.0
Axes           | 1 2 3 4 |  4.0
Maces & Flails | 1 2 3 4 |  4.0
Polearms       | 1 2 3 4 |  4.0
Staves         | 1 2 3 4 |  4.0
Slings         | 1 2 3 4 |  4.0
Bows           | 1 2 3 4 |  4.0
Crossbows      | 1 2 3 4 |  4.0
Armour         | 1 2 3 4 |  4.0
Stealth        | 1 2 3 4 |  4.0
Shields        | 1 2 3 4 |  4.0
Unarmed Combat | 1 2 3 4 |  4.0
Spellcasting   | 1 2 3 4 |  4.0
Evocations     | 1 2 3 4 |  4.0
Conjurations   | 1 2 3 |  3.3
Hexes          | 1 2 3 |  3.3
Charms         | 1 2 3 |  3.3
Summonings     | 1 2 3 |  3.3
Necromancy     | 1 2 3 |  3.3
Translocations | 1 2 3 |  3.3
Transmutations | 1 2 3 |  3.3
Fire Magic     | 1 2 3 |  3.3
Ice Magic      | 1 2 3 |  3.3
Air Magic      | 1 2 3 |  3.3
Earth Magic    | 1 2 3 |  3.3
Poison Magic   | 1 2 3 |  3.3
Fighting       | 5 6 |  6.2
Throwing       | 5 6 |  6.2
Long Blades    | 7 |  7.8
Dodging        | 7 |  7.8

Action                   |  1- 3 |  4- 6 |  7- 9 || total
-------------------------+-------+-------+-------++-------
Melee: Long sword        |    72 |    68 |       ||   140
       Bite              |     9 |    15 |    34 ||    58
       Dagger            |       |     7 |       ||     7
       Short sword       |       |    70 |   210 ||   280
       Punch             |       |       |     4 ||     4
Throw: Throwing net      |       |     1 |       ||     1
Evoke: Wand              |       |     4 |       ||     4
  Use: Potion            |     1 |     3 |     5 ||     9
       Scroll            |       |     8 |       ||     8
 Stab: Sleeping          |     1 |     7 |    11 ||    19
       Held in net/web   |       |     1 |       ||     1
  Eat: Chunk             |       |     5 |     4 ||     9
       Ration            |       |       |     2 ||     2
Armor: Leather armour    |    14 |       |       ||    14
       Ring mail         |     3 |    31 |    28 ||    62
       Troll leather arm |       |       |    36 ||    36
       Skin              |       |       |     2 ||     2
Dodge: Dodged            |    62 |   124 |   149 ||   335
       Rpst.: Long sword |    20 |    26 |       ||    46

Table legend:
 A = Non-vault XP
 B = Vault XP
 C = Vault XP percentage of total XP
 D = Non-vault monster count
 E = Vault monster count
 F = Vault count percentage of total count
                 A         B        C        D         E       F
            +---------+---------+-------+---------+---------+-------
      Total |    2740 |     337 |  11.0 |     136 |      17 |  11.1
            +---------+---------+-------+---------+---------+-------
        D:1 |      55 |       0 |   0.0 |      24 |       0 |   0.0
        D:2 |     140 |      77 |  35.5 |      17 |      15 |  46.9
        D:3 |      70 |      36 |  34.0 |      30 |       1 |   3.2
        D:4 |     505 |       0 |   0.0 |      25 |       0 |   0.0
        D:5 |     402 |       0 |   0.0 |      13 |       0 |   0.0
        D:6 |     684 |       0 |   0.0 |      12 |       0 |   0.0
        D:7 |     884 |     224 |  20.2 |      15 |       1 |   6.2
            +---------+---------+-------+---------+---------+-------
